 Dungeon Crawl Stone Soup version 0.21.1-1-g345015f (webtiles) character file.

366610 shakethe the Hoplite (level 21, -4/189 HPs)
             Began as a Minotaur Fighter on Feb 20, 2018.
             Was a Priest of Makhleb.
             Killed by the air
             ... invoked by a titan
              (13 damage)
             ... while paralysed by a floating eye
             ... on level 2 of the Depths.
             The game lasted 02:02:26 (53094 turns).

shakethe the Hoplite (Minotaur Fighter)            Turns: 53094, Time: 02:02:26

Health: -4/189     AC: 25    Str: 24    XL:     21   Next: 60%
Magic:  27/27      EV:  2    Int: 15    God:    Makhleb [***...]
Gold:   2077       SH:  0    Dex: 15    Spells: 18/29 levels left

rFire    + + .     SeeInvis .   b - +11 broad axe of Ixut {chop, rC+ Str+2 Dex+3}
rCold    + . .     Gourm    .   e - +2 large shield of Uskiv {+Blink rN+}
rNeg     + . .     Faith    .   G - +0 storm dragon scales
rPois    +         Spirit   .   S - +0 hat of Nobility {*Contam rPois rCorr}
rElec    +         Reflect  +   F - scarf {repulsion}
rCorr    +         Harm     .   K - +0 pair of gloves "Edduposi" {rF+ Int+3 Slay+5}
MR       +....                  m - +1 pair of boots
Stlth    ..........             W - +4 amulet of reflection
HPRegen  0.41/turn              X - ring of protection from fire {rF+, !d}
MPRegen  0.20/turn              Y - +3 ring of protection

@: confused, paralysed, repel missiles
A: retaliatory headbutt, horns 2, large bone plates 1
}: 2/15 runes: decaying, gossamer
a: Minor Destruction, Lesser Servant of Makhleb, Renounce Religion, Evoke Blink


You were on level 2 of the Depths.
You worshipped Makhleb.
Makhleb was most pleased with you.
You were not hungry.

You visited 8 branches of the dungeon, and saw 38 of its levels.
You visited the Abyss 2 times.
You also visited: Sewer.

You collected 3847 gold pieces.
You spent 1770 gold pieces at shops.

Inventory:

Hand Weapons
 a - the +2 great mace "Vicvy" {freeze, rElec Int+5}
   (You found it on level 6 of the Lair of Beasts)

   It has been specially enchanted to freeze those struck by it, causing extra
   injury to most foes and up to half again as much damage against particularly
   susceptible opponents.
   It can also slow down cold-blooded creatures.
   It affects your intelligence (+5).
   It insulates you from electricity.
 b - the +11 broad axe of Ixut (weapon) {chop, rC+ Str+2 Dex+3}
   (Okawaru gifted it to you on level 6 of the Lair of Beasts)

   It inflicts extra damage upon your enemies.
   It affects your strength (+2).
   It affects your dexterity (+3).
   It protects you from cold.
Missiles
 l - 3 throwing nets (quivered) {=f, !d}
Armour
 e - the +2 large shield of Uskiv (worn) {+Blink rN+}
   (You acquired it on level 8 of the Dungeon)

   It protects you from negative energy.
   It lets you blink.
 m - a +1 pair of boots (worn)
   (You found it on level 15 of the Dungeon)
 z - a +2 shield
   (You took it off a tengu warrior on level 1 of the Depths)
 F - a scarf of repulsion (worn)
   (You found it on level 9 of the Dungeon)
 G - +0 storm dragon scales (worn)
   (You found it on level 4 of the Vaults)
 K - the +0 pair of gloves "Edduposi" (worn) {rF+ Int+3 Slay+5}
   (Okawaru gifted it to you on level 2 of the Vaults)

   It affects your intelligence (+3).
   It affects your accuracy and damage with ranged weapons and melee attacks
   (+5).
   It protects you from fire.
 S - the +0 hat of Nobility (worn) {*Contam rPois rCorr}
   (Okawaru gifted it to you on level 13 of the Dungeon)

   It protects you from poison.
   It causes magical contamination when unequipped.
   It protects you from acid and corrosion.
Jewellery
 W - a +4 amulet of reflection (around neck)
   (You found it on level 14 of the Dungeon)
 X - a ring of protection from fire (left hand) {rF+, !d}
   (You found it on level 4 of the Vaults)
 Y - a +3 ring of protection (right hand)
   (You bought it in a shop on level 11 of the Dungeon)
Wands
 o - a wand of iceblast (10)
   (You found it on level 1 of the Depths)
 u - a wand of paralysis (10)
   (You found it on level 1 of the Depths)
 P - a wand of digging (6)
   (You found it on level 4 of the Lair of Beasts)
Scrolls
 c - 10 scrolls of enchant armour
 g - 7 scrolls of magic mapping {!r}
 h - 13 scrolls of remove curse
 n - 2 scrolls of fear
 p - 3 scrolls of blinking {!r}
 q - 9 scrolls of teleportation
 r - 6 scrolls of immolation {!r}
 s - 6 scrolls of amnesia
 v - 4 scrolls of holy word {!r}
 x - a scroll of silence
 D - 3 scrolls of fog
 E - a scroll of torment {!r}
 H - 3 scrolls of vulnerability {!r!r}
 I - 3 scrolls of summoning
 O - 7 scrolls of identify
 R - a scroll of brand weapon
 T - 6 scrolls of enchant weapon
Potions
 d - 5 potions of might
 i - 9 potions of brilliance
 j - 6 potions of cancellation
 k - 20 potions of curing
 t - 8 potions of haste
 w - 3 potions of berserk rage {!q}
 A - 10 potions of lignification {!q}
 B - 5 potions of flight
 C - a potion of heal wounds
 J - 5 potions of resistance
 L - 5 potions of mutation {!q}
 N - 3 potions of ambrosia
 Q - 2 potions of magic
 V - 2 potions of invisibility
Books
 Z - a book of Ice
   (You found it on level 1 of the Depths)
Miscellaneous
 y - a box of beasts
 M - a phial of floods
   (You found it on level 10 of the Dungeon)
 U - a fan of gales
   (You found it on level 1 of the Lair of Beasts)
Comestibles
 f - 51 rations


   Skills:
 + Level 16.7 Fighting
 - Level 18.8 Axes
 + Level 16.6 Armour
 + Level 9.1 Dodging
 - Level 25.0 Shields
 + Level 4.9 Spellcasting
 + Level 4.8 Charms
 + Level 5.2 Summonings
 + Level 5.2 Necromancy
 + Level 5.3 Translocations
 + Level 5.3 Air Magic
 - Level 8.7 Invocations


You had 18 spell levels left.
You knew the following spells:

 Your Spells              Type           Power        Failure   Level  Hunger
a - Summon Lightning Spi  Summ/Air       ###.....     56%         4    ####...
b - Blink                 Tloc           N/A          11%         2    ##.....
r - Regeneration          Chrm/Necr      ###.......   24%         3    ###....
s - Swiftness             Chrm/Air       ###.....     12%         2    ##.....


Dungeon Overview and Level Annotations

Branches:
Dungeon (15/15)            Temple (1/1) D:4            Lair (6/6) D:8
  Swamp (4/4) Lair:4       Spider (4/4) Lair:4        Slime (0/5) Lair:6
    Orc (2/2) D:9             Elf (0/3) Orc:2        Vaults (4/5) D:14
  Crypt (0/3) Vaults:3     Depths (2/5) D:15

Altars:
Ashenzari
Cheibriados
Dithmenos
Elyvilon
Fedhas
Gozag
Hepliaklqana
Kikubaaqudgha
Makhleb
Nemelex Xobeh
Okawaru
Qazlal
Ru
Sif Muna
Trog
Uskayaw
Vehumet
Wu Jian
Xom
Yredelemnul
Zin
The Shining One
Beogh
Jiyva

Shops:
D:7 *%   D:11 !=:   D:12 :   Orc:2 ((!*   Vaults:1 %%*[   Vaults:4 (
Depths:1 (*(!*

Portals:
Hell: Depths:1
Pandemonium: Depths:1


Innate Abilities, Weirdness & Mutations

You reflexively headbutt those who attack you in melee.
You have a pair of horns on your head.
You are partially covered in large bone plates. (SH +4)


Message History

You regained 2 hp, and now have 175/189 hp.
You start resting.
Health restored: 189; MP restored: 27
There is a stone staircase leading down here.
You climb downwards.
A fire dragon, 2 floating eyes, a sphinx, a deep elf high priest, a spriggan berserker, a merfolk, 4 giants, a necromancer, a rakshasa, a flayed ghost and a spark wasp come into view.
A frost giant is wielding a battleaxe of freezing.
The fire dragon roars deafeningly!
The merfolk shouts!
The frost giant shouts!
The spark wasp buzzes angrily.
The stone giant shouts!
The deep elf high priest shouts!
The necromancer shouts!
The sphinx shouts!
The spriggan berserker shouts!
The ettin shouts in stereo!
The titan shouts!
Found four items.
Found an escape hatch in the floor.
Found a stone staircase leading down and a stone staircase leading up.
There is a stone staircase leading up here.
Aim: a frost giant, wielding a battleaxe of freezing
Okay, then.
Okay, then.
The titan waves its arms in wide circles.
The air twists around and strikes you!
The spriggan berserker mumbles some strange prayers to Trog.
The polar bear goes berserk!
The stone giant throws a large rock.
You reflect the large rock off an invisible shield around you!
The large rock hits the stone giant!!
A slime creature comes into view.
You take 34 damage, and have 155/189 hp.
You hit the frost giant but do no damage.
Your headbutt misses the frost giant. You slice the frost giant!!
You headbutt the frost giant!
The sphinx casts a spell.
You are confused.
The frost giant barely misses you.
The stone giant throws a large rock.
The large rock misses you.
The floating eye's stare focuses on you.
A fire giant comes into view.
It is wielding a great sword of flaming.
You are too confused!
You are too confused!
You are too confused!
You are too confused!
The merfolk changes into a redback!
The sphinx mumbles some strange words.
You are more confused.
The floating eye gazes piercingly through you!
You suddenly lose the ability to move!
The stone giant throws a large rock.
The large rock barely misses you.
The large rock hits the floating eye!!
The floating eye dies!
The necromancer gestures at you while chanting.
You resist with some effort.
The deep elf high priest mumbles some strange prayers to its god.
The deep elf high priest begins emitting a brilliant aura!
The frost giant is empowered by the deep elf high priest's aura!
The necromancer is empowered by the deep elf high priest's aura!
The titan is empowered by the deep elf high priest's aura!
The fire dragon breathes flames at you. The blast of flame hits you!
You resist.
The frost giant gestures at you while chanting.
Helpless, you fail to dodge the bolt of cold.
You resist.
You hear a shout!
The redback changes into a shining eye!
The necromancer gestures wildly while chanting.
The necromancer flickers and vanishes!
Deactivating autopickup; reactivate with Ctrl-A.
The rakshasa weaves an illusion.
The stone giant shimmers and seems to become two!
The fire dragon bites you but does no damage.
The fire dragon claws you.
The fire dragon tramples you but does no damage.
The frost giant hits you with a battleaxe of freezing!
The frost giant freezes you.
A spriggan air mage comes into view.
The spriggan air mage shouts!
The spark wasp stings you but does no damage.
The polar bear bites you!
The polar bear claws you but does no damage. x2
The sphinx is empowered by the deep elf high priest's aura!
The fire giant is empowered by the deep elf high priest's aura!
You hear some strange, mumbled words.
The fire dragon bites you but does no damage.
The fire dragon completely misses you.
The fire dragon tramples you but does no damage.
The rakshasa hits you but does no damage.
The spriggan berserker prays to Trog.
The spriggan berserker goes berserk!
The spark wasp stings you!! The spark wasp shocks you. You resist.
The polar bear bites you!!
* * * LOW HITPOINT WARNING * * *
The polar bear claws you but does no damage. x2
The frost giant hits you with a battleaxe of freezing!
* * * LOW HITPOINT WARNING * * *
The frost giant freezes you.
* * * LOW HITPOINT WARNING * * *
The spriggan air mage waves its arms in wide circles.
The air twists around and strikes you!
* * * LOW HITPOINT WARNING * * *
The spriggan berserker rages.
The spark wasp stings you but does no damage.
The titan waves its arms in wide circles.
The air twists around and strikes you!
You die...

... ....#. . ..
..... # .. #.#
....#..
..#..##..!..#.
###^...........
........CG.....
......D8CC.(...
....8.R@Ge8....
....(Hyh..{...%
.....iC.W...%..
...8<.J8..C8..#
....C...)......
#..............
..?.8.i>..8....
#......8.......


You could see a titan, a frost giant, a fire giant, a fire dragon, a sphinx, 2
stone giants, a great orb of eyes, an ettin, a rakshasa, a spark wasp, a slime
creature, a flayed ghost, a shining eye shaped shifter, a spriggan berserker
(berserk), a deep elf high priest, a spriggan air mage and a polar bear
(berserk).

Vanquished Creatures
  Mara (Vaults:2)
  Frederick (Vaults:2)
  the Lernaean hydra (Swamp:4)
  Arachne (Spider:2)
  The ghost of Autsider the End of an Era, an adept HOFi of Qazlal (Spider:4)
  Rupert (D:13)
  Asterion (Spider:1)
  3 tentacled starspawn (Abyss:2)
  Frances (Spider:1)
  A sphinx (Depths:1)
  A thorn hunter (Swamp:3)
  The ghost of shakethe the Lord of Darkness, an adept DsNe of Kikubaaqudgha (Swamp:2)
  Kirke (Lair:5)
  3 storm dragons (Vaults:4)
  A revenant (Vaults:3)
  Aizul (Swamp:3)
  2 fire giants (Depths:1)
  2 frost giants
  7 vault wardens
  2 ghost moths (Spider:4)
  2 orc warlords
  6 emperor scorpions
  A deep elf sorcerer (Vaults:4)
  The ghost of EvilAshe the Carver, a journeyman TeBe of Trog (Swamp:1)
  A reaper (Depths:1)
  7 stone giants
  12 ironheart preservers
  6 entropy weavers
  16 very ugly things
  A vampire knight (Vaults:3)
  2 deep elf annihilators (Vaults:3)
  Azrael (D:13)
  An eidolon (Abyss:2)
  4 spark wasps
  4 ettins
  4 great orbs of eyes
  The ghost of xccam the Grappler, a journeyman TrMo of Ru (D:10)
  5 yaktaur captains
  Harold (Lair:3)
  Erolcha (D:9)
  A monstrous demonspawn (Depths:1)
  6 rakshasas
  4 ice dragons
  3 ghost crabs
  6 vault guards
  24 hydras
  12 centaur warriors
  A naga warrior (Abyss:2)
  2 catoblepae
  4 death knights
  35 two-headed ogres
  10 alligators
  11 ogre magi
  6 tengu warriors
  6 death yaks (Lair:6)
  3 deep troll shamans
  2 vampire magi (Depths:1)
  4 thrashing horrors (Abyss:2)
  A sun demon (Depths:1)
  3 orc high priests (Orc:2)
  4 wretched stars (Abyss:2)
  A soul eater (Vaults:3)
  7 deep elf knights
  4 large abominations (Abyss:2)
  12 skeletal warriors
  A sixfirhy (Abyss:2)
  A flayed ghost (D:15)
  A spatial maelstrom (Abyss:2)
  A glowing orange brain (Abyss:2)
  6 deep trolls
  2 spriggan druids
  10 deep elf archers
  6 unseen horrors
  11 ironbrand convokers
  A shadow dragon zombie (D:15)
  2 phantasmal warriors
  9 swamp dragons
  6 wizards
  A lindwurm (Lair:6)
  14 orc knights
  16 deep elf magi
  2 necromancers
  2 oklob plants (Lair:3)
  25 ugly things
  8 orb spiders
  A manticore (D:15)
  7 orc sorcerers
  7 cyclopes
  12 vault sentinels
  10 elephants
  11 black mambas
  37 wolf spiders
  A torpor snail (Spider:3)
  A moth of wrath (Spider:4)
  4 eyes of devastation (Depths:1)
  Maurice (Orc:1)
  Psyche (D:10)
  5 centaur zombies
  A guardian serpent (Abyss:2)
  2 smoke demons (Abyss:2)
  3 gargoyles
  26 spiny frogs
  5 spectral swamp worms (Depths:1)
  An orange demon (Depths:1)
  2 hellions (Abyss:2)
  6 rime drakes
  8 komodo dragons
  A tormentor (Abyss:2)
  An efreet (D:12)
  12 demonic crawlers
  8 freezing wraiths
  12 yaktaurs
  An ice devil (Depths:1)
  A red devil (Depths:1)
  An ancient zyme (Abyss:2)
  37 jumping spiders
  A queen bee (Spider:2)
  3 tengu conjurers
  3 meliai (Spider:2)
  10 trolls
  5 tyrant leeches
  A polar bear (Lair:6)
  17 hornets
  A wolf spider simulacrum (D:15)
  The ghost of Shenanicrawl the Ducker, an amateur MfIE of Makhleb (D:4)
  37 slime creatures
  A jumping spider (shapeshifter) (Depths:1)
  18 blink frogs
  A blink frog (shapeshifter) (Vaults:3)
  A hippogriff (shapeshifter) (Vaults:1)
  16 hippogriffs
  8 dream sheep
  An ettin zombie (D:15)
  2 bog bodies
  A spriggan skeleton (D:15)
  4 flying skulls (Abyss:2)
  2 water elementals (Depths:1)
  7 shadows
  13 wyverns
  A yak (shapeshifter) (Vaults:2)
  3 ynoxinuls (Abyss:2)
  17 spriggans
  23 tarantellas
  44 yaks
  5 wraiths
  A golden eye (Depths:1)
  92 redbacks
  A hog (shapeshifter) (Vaults:1)
  4 hogs (Lair:5)
  4 fire bats (Lair:3)
  5 vampires
  2 hungry ghosts
  5 fire elementals (D:13)
  Eustachio (D:4)
  3 neqoxecs (Abyss:2)
  2 chaos spawn (Abyss:2)
  5 basilisks
  8 vampire mosquitoes
  A spatial vortex (Abyss:2)
  2 yaktaur simulacra (Vaults:1)
  7 insubstantial wisps
  9 wargs
  23 swamp worms
  A naga (Abyss:2)
  20 water moccasins
  2 hell hounds (D:13)
  A tengu zombie (D:15)
  Duvessa (D:7)
  8 porcupines
  3 acid dragons
  A porcupine (shapeshifter) (D:15)
  2 eyes of draining (Abyss:2)
  46 orc warriors
  A sky beast (shapeshifter) (D:15)
  3 sky beasts
  An eye of draining (shapeshifter) (Vaults:1)
  5 ice beasts
  10 swamp drakes
  4 black bears
  5 boggarts
  22 wolves
  17 centaurs
  A manticore zombie (Abyss:2)
  29 ogres
  19 crocodiles
  A swamp dragon skeleton (Abyss:2)
  11 big kobolds
  18 bullfrogs
  3 small abominations (Abyss:2)
  Dowan (D:7)
  3 wyvern zombies
  A water moccasin zombie (D:9)
  16 killer bees
  3 scorpions
  8 jellies
  14 wights
  2 electric eels
  2 howler monkeys
  4 crimson imps
  A human simulacrum (Vaults:1)
  6 hounds
  2 iron imps (Depths:1)
  28 orc priests
  13 starcursed masses (Abyss:2)
  5 quasits
  3 bullfrog zombies
  29 orc wizards
  4 bullfrog skeletons
  4 centaur skeletons
  An iguana (shapeshifter) (Abyss:2)
  3 iguanas
  12 worker ants
  A killer bee zombie (D:8)
  2 hound zombies (D:4)
  4 worker ant zombies
  A howler monkey zombie (D:4)
  18 adders
  5 shadow imps
  3 white imps
  An ufetubus (Depths:1)
  An ooze (D:1)
  An adder zombie (D:4)
  6 adder skeletons
  A dart slug (D:2)
  6 leopard geckos
  94 orcs
  10 bats
  13 giant cockroaches
  10 goblins
  5 hobgoblins
  7 jackals
  4 quokkas
  2 ball pythons
  3 frilled lizards
  A jackal skeleton (D:5)
  2 jackal zombies (D:5)
  44 kobolds
  A leopard gecko skeleton (D:4)
  A quokka skeleton (D:9)
  12 rats
  3 briar patches (Swamp:4)
  2 bushes (Lair:4)
  A butterfly (Lair:4)
  7 fungi
  7 plants
  A starspawn tentacle (Abyss:2)
  3 withered plants (D:15)
1738 creatures vanquished.

Vanquished Creatures (others)
  A deep elf sorcerer (Vaults:3)
  A vault warden (Vaults:2)
  2 stone giants
  A yaktaur captain (Depths:1)
  A centaur warrior (Depths:1)
  An alligator (Swamp:4)
  An unseen horror (D:12)
  2 deep elf archers
  An ugly thing (Vaults:1)
  4 yaktaurs (Depths:1)
  A rime drake (Lair:5)
  A jumping spider (Spider:4)
  3 humans (Lair:5)
  A basilisk (Lair:5)
  A floating eye (Depths:2)
  An orc warrior (Vaults:4)
  2 boggarts (Vaults:1)
  An orc priest (D:15)
  2 starcursed masses (Abyss:2)
  A bullfrog skeleton (D:13)
  An orc (Vaults:4)
  15 fungi (Lair:5)
  A lurking horror (Abyss:2)
  17 plants
  8 starspawn tentacles (Abyss:2)
71 creatures vanquished.

Grand Total: 1809 creatures vanquished

Notes
Turn   | Place    | Note
-------+----------+-------------------------------------------
     0 | D:1      | shakethe the Minotaur Fighter began the quest for the Orb.
     0 | D:1      | Reached XP level 1. HP: 19/19 MP: 0/0
   232 | D:1      | Reached skill level 3 in Axes
   232 | D:1      | Reached XP level 2. HP: 27/27 MP: 1/1
   425 | D:1      | Reached skill level 4 in Armour
   661 | D:2      | Reached skill level 4 in Fighting
   663 | D:2      | HP: 6/27 [poisoned by an adder]
   665 | D:2      | Reached XP level 3. HP: 7/33 MP: 2/2
   669 | D:2      | HP: 5/33 [poisoned by an adder]
   676 | D:2      | HP: 4/33 [poisoned by an adder]
   684 | D:2      | HP: 3/33 [poisoned by an adder]
  1396 | D:2      | Found a white marble altar of Elyvilon.
  1459 | D:2      | Became a worshipper of Elyvilon the Healer
  1698 | D:2      | Reached skill level 4 in Axes
  1752 | D:2      | Reached XP level 4. HP: 28/40 MP: 3/3
  2011 | D:2      | Reached * piety under Elyvilon
  2544 | D:3      | Found an ancient bone altar of Kikubaaqudgha.
  2545 | D:3      | Found an opulent altar of Gozag.
  2546 | D:3      | Found a basalt altar of Yredelemnul.
  2548 | D:3      | Reached ** piety under Elyvilon
  2559 | D:3      | Found an iron altar of Okawaru.
  2607 | D:3      | Fell from the grace of Elyvilon
  2607 | D:3      | Became a worshipper of Warmaster Okawaru
  2762 | D:3      | Found a shadowy altar of Dithmenos.
  3042 | D:4      | Noticed Shenanicrawl's ghost (amateur MfIE)
  3152 | D:4      | Reached XP level 5. HP: 47/47 MP: 4/4
  3162 | D:4      | Found a staircase to the Ecumenical Temple.
  3190 | D:4      | Reached skill level 5 in Axes
  3208 | D:4      | HP: 11/47 [poisoned by a worker ant]
  3488 | D:5      | Entered Level 5 of the Dungeon
  3495 | D:5      | Found a glowing drain.
  3538 | D:5      | Reached skill level 5 in Fighting
  3538 | D:5      | Reached skill level 5 in Armour
  3557 | D:5      | Reached XP level 6. HP: 53/56 MP: 5/5
  3564 | Sewer    | Entered a sewer
  3632 | Sewer    | Reached skill level 6 in Axes
  3693 | Sewer    | Reached * piety under Okawaru
  3872 | D:5      | Reached XP level 7. HP: 59/61 MP: 6/6
  4208 | D:6      | Reached skill level 7 in Axes
  4208 | D:6      | Reached skill level 1 in Invocations
  4327 | D:6      | Reached skill level 6 in Fighting
  4327 | D:6      | Reached skill level 6 in Armour
  4338 | D:6      | Found a sparkling altar of Nemelex Xobeh.
  4553 | D:6      | Reached skill level 2 in Invocations
  4841 | D:4      | Noticed Eustachio
  4852 | D:4      | Killed Eustachio
  4852 | D:4      | Reached skill level 8 in Axes
  4852 | D:4      | Reached XP level 8. HP: 66/71 MP: 5/8
  5181 | D:4      | Reached ** piety under Okawaru
  5439 | D:4      | Killed Shenanicrawl's ghost
  5439 | D:4      | Reached skill level 3 in Invocations
  5568 | D:6      | Reached skill level 7 in Fighting
  5568 | D:6      | Reached skill level 7 in Armour
  5572 | D:6      | Reached skill level 9 in Axes
  6072 | D:6      | Found a faded altar of an unknown god.
  6072 | D:6      | Found a glowing golden altar of the Shining One.
  6079 | D:6      | Found a bloodstained altar of Trog.
  6086 | D:6      | Found a faded altar of an unknown god.
  6087 | D:6      | Found an ornate altar of the Wu Jian Council.
  6290 | D:7      | Reached XP level 9. HP: 71/79 MP: 10/10
  6351 | D:7      | Found Son Tikecve's Food Shoppe.
  6371 | D:7      | Reached *** piety under Okawaru
  6371 | D:7      | Reached skill level 10 in Axes
  6396 | D:7      | HP: 20/80 [something (1)]
  6405 | D:7      | HP: 19/80 [something (4)]
  6421 | D:7      | Killed an unseen horror
  6421 | D:7      | Reached skill level 8 in Fighting
  6421 | D:7      | Reached skill level 8 in Armour
  6791 | D:7      | Reached skill level 11 in Axes
  7172 | D:7      | Noticed Dowan
  7181 | D:7      | Noticed Duvessa
  7193 | D:7      | Killed Duvessa
  7201 | D:7      | Killed Dowan
  7202 | D:7      | Found Faskaloi's Assorted Antiques.
  7213 | D:7      | Reached **** piety under Okawaru
  7213 | D:7      | Reached skill level 9 in Armour
  7216 | D:7      | Bought a scroll labeled HIRRIE JOUSMI for 28 gold pieces
  7216 | D:7      | Bought a scroll labeled NETADD GEUDEM for 28 gold pieces
  7220 | D:7      | Found a deep blue altar of Sif Muna.
  7433 | D:8      | Reached skill level 9 in Fighting
  7660 | D:8      | Found a radiant altar of Vehumet.
  7673 | D:8      | Noticed an elephant
  7674 | D:8      | Found a staircase to the Lair.
  7792 | D:9      | Found a shattered altar of Ashenzari.
  7809 | D:9      | Reached XP level 10. HP: 77/91 MP: 11/11
  8270 | D:9      | Noticed Erolcha
  8284 | D:9      | Killed Erolcha
  8284 | D:9      | Reached skill level 12 in Axes
  8322 | D:9      | Reached ***** piety under Okawaru
  8374 | D:9      | Got a shimmering leather armour
  8501 | D:9      | Found a staircase to the Orcish Mines.
  8586 | Orc:1    | Entered Level 1 of the Orcish Mines
  8586 | Orc:1    | Noticed an orc sorcerer
  8645 | D:10     | Entered Level 10 of the Dungeon
  8660 | D:10     | Noticed xccam's ghost (journeyman TrMo)
  8908 | D:10     | Noticed Psyche
  9050 | D:10     | Killed Psyche
  9089 | D:10     | Reached skill level 10 in Armour
  9109 | D:10     | HP: 6/93 [xccam's ghost (25)]
  9209 | D:9      | Reached skill level 4 in Invocations
  9734 | D:10     | Killed xccam's ghost
  9734 | D:10     | Reached skill level 10 in Fighting
  9734 | D:10     | Reached skill level 13 in Axes
  9964 | D:10     | Received a gift from Okawaru
  9973 | D:10     | Reached XP level 11. HP: 34/101 MP: 13/13
  9974 | D:10     | HP: 20/101 [yak (11)]
  9979 | D:10     | Got an encrusted battleaxe {god gift}
  9980 | D:10     | Identified the +7 battleaxe of Hameke {elec, MP-9 Int+5 Dex+4} (Okawaru gifted it to you on level 10 of the Dungeon)
 10388 | D:10     | Found a stormy altar of Qazlal.
 11024 | D:11     | Reached skill level 5 in Invocations
 11215 | D:11     | Found Reshra Qiecs's Book Boutique.
 11241 | D:11     | Found Quufixko's Jewellery Shop.
 11267 | D:11     | Noticed a green ugly thing
 11273 | D:11     | Killed a green ugly thing
 11283 | D:11     | Found Uqaj's Distillery.
 11317 | D:11     | Noticed a green ugly thing
 11322 | D:11     | Killed a green ugly thing
 11652 | D:11     | Reached skill level 14 in Axes
 11997 | D:11     | Noticed a two-headed ogre
 12007 | D:11     | Killed a two-headed ogre
 12007 | D:11     | Reached skill level 11 in Fighting
 12007 | D:11     | Reached skill level 11 in Armour
 12443 | D:11     | Found a sparkling altar of Nemelex Xobeh.
 12563 | D:12     | Noticed a brown ugly thing
 12568 | D:12     | Killed a brown ugly thing
 12611 | D:12     | Noticed a seven-headed hydra
 12732 | D:8      | Reached skill level 6 in Invocations
 12809 | D:8      | Found a deep blue altar of Sif Muna.
 12885 | D:8      | Received a gift from Okawaru
 12909 | D:8      | Noticed a two-headed ogre
 12914 | D:8      | Killed a two-headed ogre
 13350 | D:8      | Noticed a three-headed hydra
 13370 | D:8      | Killed an eight-headed hydra
 13370 | D:8      | Reached skill level 15 in Axes
 13370 | D:8      | Reached XP level 12. HP: 41/110 MP: 3/15
 13762 | Lair:1   | Entered Level 1 of the Lair of Beasts
 14048 | Lair:1   | Got a sapphire-encrusted leather armour
 14126 | Lair:1   | HP: 27/111 [poisoned by a spiny frog]
 14131 | Lair:1   | HP: 27/111 [poisoned by a spiny frog]
 14138 | Lair:1   | HP: 27/111 [poisoned by a spiny frog]
 14146 | Lair:1   | HP: 27/111 [poisoned by a spiny frog]
 14468 | Lair:1   | Received a gift from Okawaru
 14481 | Lair:1   | Got a smoking buckler {god gift}
 14488 | Lair:1   | Identified the +3 buckler of Liberty {+Blink rPois Dex+2 Stlth+} (Okawaru gifted it to you on level 1 of the Lair of Beasts)
 14511 | Lair:1   | HP: 27/111 [poisoned by a spiny frog]
 14516 | Lair:1   | HP: 24/111 [poisoned by a spiny frog]
 14520 | Lair:1   | Reached skill level 7 in Invocations
 14521 | Lair:1   | HP: 15/112 [poisoned by a spiny frog]
 14527 | Lair:1   | HP: 13/112 [poisoned by a spiny frog]
 14532 | Lair:1   | HP: 12/112 [poisoned by a spiny frog]
 14538 | Lair:1   | HP: 12/112 [poisoned by a spiny frog]
 14546 | Lair:1   | HP: 12/112 [poisoned by a spiny frog]
 15178 | D:11     | Bought an uncursed ring of poison resistance for 280 gold pieces
 15179 | D:11     | Bought a +3 ring of protection for 294 gold pieces
 15457 | Lair:1   | Reached skill level 12 in Armour
 15568 | Lair:2   | Reached skill level 12 in Fighting
 15856 | Lair:2   | Reached skill level 16 in Axes
 16098 | Lair:2   | Noticed a six-headed hydra
 16105 | Lair:2   | HP: 28/113 [six-headed hydra (10)]
 16111 | Lair:2   | HP: 25/113 [six-headed hydra (3)]
 16114 | Lair:2   | HP: 12/113 [six-headed hydra (3)]
 16115 | Lair:2   | Killed a six-headed hydra
 17076 | Lair:3   | Noticed Harold
 17085 | Lair:3   | Reached skill level 8 in Invocations
 17093 | Lair:3   | Killed Harold
 17140 | Lair:3   | Identified Sif Muna's Grimoire of Sinister Rites and Self-Improvement
 17166 | Lair:3   | Reached XP level 13. HP: 109/119 MP: 9/18
 17616 | Lair:3   | Got an encrusted leather armour
 18092 | Lair:4   | Found a hole to the Spider Nest.
 18171 | Lair:4   | Reached ****** piety under Okawaru
 18321 | Lair:4   | Received a gift from Okawaru
 18323 | Lair:4   | Reached skill level 17 in Axes
 18326 | Lair:4   | HP: 26/119 [black mamba (9)]
 18328 | Lair:4   | Reached skill level 13 in Armour
 18329 | Lair:4   | Got an encrusted executioner's axe {god gift}
 18330 | Lair:4   | Identified the +7 executioner's axe of Okawaru's Scorn {elec, *Contam MR+ Dex+2} (Okawaru gifted it to you on level 4 of the Lair of Beasts)
 18331 | Lair:4   | HP: 24/119 [poisoned by a black mamba]
 18336 | Lair:4   | HP: 22/119 [poisoned by a black mamba]
 18341 | Lair:4   | HP: 22/119 [poisoned by a black mamba]
 18348 | Lair:4   | HP: 22/119 [poisoned by a black mamba]
 18356 | Lair:4   | HP: 22/119 [poisoned by a black mamba]
 18466 | Lair:4   | Reached skill level 13 in Fighting
 18469 | Lair:4   | HP: 20/122 [rime drake/flash freeze (18)]
 19699 | Lair:4   | Found a staircase to the Swamp.
 20095 | Lair:5   | Noticed Kirke
 20107 | Lair:5   | Killed Kirke
 20107 | Lair:5   | Received a gift from Okawaru
 20178 | Lair:5   | HP: 28/122 [rime drake/flash freeze (11)]
 20714 | Lair:5   | Reached skill level 18 in Axes
 20945 | Lair:5   | HP: 30/123 [wyvern (2)]
 20948 | Lair:5   | HP: 14/123 [blink frog (11)]
 20951 | Lair:5   | Reached XP level 14. HP: 40/130 MP: 17/19
 20954 | Lair:5   | HP: 28/130 [blink frog (6)]
 21816 | Lair:6   | Entered Level 6 of the Lair of Beasts
 21877 | Lair:6   | Reached skill level 14 in Armour
 21880 | Lair:6   | Reached skill level 14 in Fighting
 22137 | Lair:6   | Found a staircase to the Slime Pits.
 22138 | Lair:6   | Found a viscous altar of Jiyva.
 22300 | Lair:6   | Got a crystal great mace
 22301 | Lair:6   | Identified the +2 great mace "Vicvy" {freeze, rElec Int+5} (You found it on level 6 of the Lair of Beasts)
 22474 | Lair:6   | Received a gift from Okawaru
 22479 | Lair:6   | Got a faintly glowing broad axe {god gift}
 22480 | Lair:6   | Identified the +11 broad axe of Ixut {chop, rC+ Str+2 Dex+3} (Okawaru gifted it to you on level 6 of the Lair of Beasts)
 22514 | Lair:6   | Gained mutation: Your spells are a little easier to cast, but a little less powerful. [mutagenic glow]
 23210 | Lair:6   | Reached skill level 1 in Dodging
 23210 | Lair:6   | Reached skill level 4 in Shields
 23386 | Lair:6   | Reached skill level 2 in Dodging
 23609 | Lair:6   | Reached skill level 3 in Dodging
 23631 | Lair:6   | Received a gift from Okawaru
 23985 | Lair:6   | Reached skill level 4 in Dodging
 24567 | D:8      | Identified a scroll of acquirement
 24574 | D:8      | Got a bloodstained large shield
 24587 | D:8      | Identified the +2 large shield of Uskiv {+Blink rN+} (You acquired it on level 8 of the Dungeon)
 24871 | D:12     | Reached skill level 5 in Shields
 24920 | D:12     | Reached skill level 6 in Shields
 24925 | D:12     | HP: 30/133 [skeletal warrior/trident[a skeletal warrior] (10)]
 25326 | D:12     | Got an ichor-stained robe
 25369 | D:12     | Reached skill level 7 in Shields
 25378 | D:12     | HP: 32/133 [ten-headed hydra (9)]
 25441 | D:13     | Received a gift from Okawaru
 25450 | D:13     | Got a faintly glowing hat {god gift}
 25456 | D:13     | Identified the +0 hat of Nobility {*Contam rPois rCorr} (Okawaru gifted it to you on level 13 of the Dungeon)
 26440 | D:12     | Reached skill level 8 in Shields
 26440 | D:12     | Reached XP level 15. HP: 129/139 MP: 20/20
 26441 | D:12     | Found Cigeuju's Book Shop.
 26621 | D:13     | Noticed Rupert
 26632 | D:13     | Killed Rupert
 26635 | D:13     | Reached skill level 9 in Shields
 26896 | D:13     | Noticed Azrael
 26913 | D:13     | Reached skill level 10 in Shields
 27127 | D:13     | Killed Azrael
 27503 | D:13     | Reached skill level 11 in Shields
 28270 | D:14     | Reached skill level 12 in Shields
 28312 | D:14     | Found a gate to the Vaults.
 28435 | D:15     | Entered Level 15 of the Dungeon
 28456 | D:15     | Received a gift from Okawaru
 28499 | D:15     | Found a staircase to the Depths.
 28529 | D:15     | HP: 28/139 [ettin zombie (17)]
 28923 | D:15     | Reached skill level 13 in Shields
 28932 | D:15     | Received a gift from Okawaru
 29545 | D:15     | Received a gift from Okawaru
 29609 | D:15     | Reached skill level 14 in Shields
 30801 | Orc:1    | Noticed Maurice
 30809 | Orc:1    | Killed Maurice
 30888 | Orc:1    | Found a roughly hewn altar of Beogh.
 31387 | Orc:2    | Entered Level 2 of the Orcish Mines
 31389 | Orc:2    | Reached skill level 15 in Shields
 31408 | Orc:2    | Found a staircase to the Elven Halls.
 31413 | Orc:2    | Noticed an orc warlord
 31428 | Orc:2    | HP: 34/139 [orc warrior/halberd[an orc knight] (15)]
 31437 | Orc:2    | HP: 27/139 [orc priest/divine providence[an orc warlord] (10)]
 32198 | Orc:2    | Killed an orc warlord
 32198 | Orc:2    | Reached XP level 16. HP: 68/147 MP: 19/21
 32717 | Orc:2    | Reached skill level 16 in Shields
 32718 | Orc:2    | Found Qaokenav's General Store.
 32718 | Orc:2    | Found Fufid's Antique Weapon Boutique.
 32722 | Orc:2    | Found Siececesk's Antique Weapon Boutique.
 32722 | Orc:2    | Found Ublitsol's Distillery.
 33128 | Orc:2    | Bought a potion of haste for 120 gold pieces
 33635 | Swamp:1  | Entered Level 1 of the Swamp
 33673 | Swamp:1  | Noticed EvilAshe's ghost (journeyman TeBe)
 33698 | Swamp:1  | Killed EvilAshe's ghost
 34374 | Swamp:1  | Received a gift from Okawaru
 34383 | Swamp:1  | HP: 36/147 [spriggan rider/spear (5)]
 34393 | Swamp:1  | HP: 33/147 [spriggan rider/spear (6)]
 35115 | Swamp:2  | Reached skill level 17 in Shields
 35210 | Swamp:2  | Noticed shakethe's ghost (adept DsNe)
 35228 | Swamp:2  | Killed shakethe's ghost
 36246 | Swamp:3  | Noticed Aizul
 36258 | Swamp:3  | Killed Aizul
 36258 | Swamp:3  | Reached skill level 18 in Shields
 36711 | Swamp:3  | Received a gift from Okawaru
 37008 | Swamp:4  | Entered Level 4 of the Swamp
 37044 | Swamp:4  | HP: 36/147 [four-headed hydra (8)]
 37054 | Swamp:3  | HP: 32/147 [four-headed hydra (10)]
 37421 | Swamp:4  | Identified the +4 scale mail of Mumblety Peg {rPois rC- Str+2 Int+2} (You found it on level 4 of the Swamp)
 37446 | Swamp:4  | Reached skill level 19 in Shields
 37575 | Swamp:4  | Noticed the 27-headed Lernaean hydra
 37768 | Swamp:4  | Killed the 27-headed Lernaean hydra
 37768 | Swamp:4  | Received a gift from Okawaru
 37768 | Swamp:4  | Reached XP level 17. HP: 100/154 MP: 14/22
 38053 | Swamp:3  | Reached skill level 20 in Shields
 38408 | Swamp:4  | Got a decaying rune of Zot
 39368 | Spider:1 | Entered Level 1 of the Spider Nest
 39392 | Spider:1 | Noticed Frances
 39403 | Spider:1 | Killed Frances
 39528 | Spider:1 | Noticed Asterion
 39543 | Spider:1 | Killed Asterion
 39697 | Spider:1 | Received a gift from Okawaru
 39718 | Spider:1 | Reached skill level 21 in Shields
 40112 | Spider:2 | Noticed Arachne
 40145 | Spider:2 | Killed Arachne
 40987 | Spider:3 | Reached skill level 22 in Shields
 41164 | Spider:3 | Received a gift from Okawaru
 41291 | Spider:3 | Identified the +5 broad axe of Frustration {venom, rPois rF+ Int+3} (You found it on level 3 of the Spider Nest)
 41367 | Spider:3 | Reached XP level 18. HP: 139/162 MP: 23/23
 41668 | Spider:4 | Entered Level 4 of the Spider Nest
 41778 | Spider:4 | Noticed Autsider's ghost (adept HOFi)
 41802 | Spider:4 | Killed Autsider's ghost
 41802 | Spider:4 | Received a gift from Okawaru
 41802 | Spider:4 | Reached skill level 23 in Shields
 42301 | Spider:4 | HP: 25/162 [emperor scorpion (29)]
 42457 | Spider:4 | Reached skill level 24 in Shields
 42799 | Spider:4 | Got a gossamer rune of Zot
 43332 | Vaults:1 | Entered Level 1 of the Vaults
 43457 | Vaults:1 | Found Husiem's Armour Boutique.
 43655 | Vaults:1 | Received a gift from Okawaru
 43692 | Vaults:1 | Got an ichor-stained scale mail {god gift}
 43825 | Vaults:1 | Paralysed by an ogre mage for 5 turns
 43848 | Vaults:1 | Found Kinloish's General Store.
 43978 | Vaults:1 | Reached skill level 25 in Shields
 43985 | Vaults:1 | Reached skill level 15 in Armour
 44381 | D:11     | Bought a book of Minor Magic for 240 gold pieces
 44381 | D:11     | Bought a book of the Sky for 780 gold pieces
 44482 | D:8      | Learned a level 2 spell: Blink
 44485 | D:8      | Learned a level 2 spell: Swiftness
 44489 | D:8      | Learned a level 3 spell: Regeneration
 44500 | D:8      | Learned a level 4 spell: Summon Lightning Spire
 44890 | Vaults:1 | Found Gudiss's Food Shop.
 44900 | Vaults:1 | Reached skill level 15 in Fighting
 45060 | Vaults:1 | Reached XP level 19. HP: 158/170 MP: 24/24
 45115 | Vaults:1 | Found Pefydoam's Food Shop.
 45214 | Vaults:1 | Reached skill level 1 in Spellcasting
 45662 | Vaults:2 | Reached skill level 1 in Necromancy
 45692 | Vaults:2 | Reached skill level 1 in Summonings
 45692 | Vaults:2 | Reached skill level 1 in Translocations
 45692 | Vaults:2 | Reached skill level 1 in Air Magic
 45769 | Vaults:2 | Reached skill level 1 in Charms
 45773 | Vaults:2 | Reached skill level 5 in Dodging
 45824 | Vaults:2 | Noticed Mara
 45826 | Vaults:2 | Noticed shakethe's illusion
 45834 | Vaults:2 | Killed Mara
 45834 | Vaults:2 | Received a gift from Okawaru
 46029 | Vaults:2 | Reached skill level 2 in Necromancy
 46137 | Vaults:2 | Reached skill level 2 in Air Magic
 46141 | Vaults:2 | Noticed Frederick
 46144 | Vaults:2 | Reached skill level 2 in Spellcasting
 46144 | Vaults:2 | Reached skill level 2 in Translocations
 46160 | Vaults:2 | Killed Frederick
 46160 | Vaults:2 | Reached skill level 2 in Summonings
 46177 | Vaults:2 | Reached skill level 2 in Charms
 46303 | Vaults:2 | Received a gift from Okawaru
 46304 | Vaults:2 | Got a pair of bloodstained gloves {god gift}
 46309 | Vaults:2 | Identified the +0 pair of gloves "Edduposi" {rF+ Int+3 Slay+5} (Okawaru gifted it to you on level 2 of the Vaults)
 46632 | Vaults:2 | Reached skill level 6 in Dodging
 47122 | Vaults:3 | Reached skill level 3 in Necromancy
 47381 | Vaults:3 | Reached skill level 3 in Translocations
 47388 | Vaults:3 | Reached skill level 3 in Air Magic
 47389 | Vaults:3 | Reached skill level 3 in Summonings
 47390 | Vaults:3 | Cast into level 2 of the Abyss (a deep elf sorcerer)
 47430 | Abyss:2  | Found a corrupted altar of Lugonu.
 47597 | Abyss:2  | HP: 34/172 [lurking horror (26)]
 47724 | Abyss:2  | Reached XP level 20. HP: 100/180 MP: 25/25
 47804 | Abyss:2  | Reached skill level 3 in Spellcasting
 47826 | Abyss:2  | Noticed a bone dragon
 47826 | Abyss:2  | Gained mutation: Scrolls take you a little longer to read. [a neqoxec]
 47827 | Abyss:2  | Gained mutation: You are weak. (Str -2) [a neqoxec]
 47979 | Vaults:3 | Escaped the Abyss
 47989 | Vaults:3 | Reached skill level 3 in Charms
 48227 | Vaults:3 | Lost mutation: Your spells are a little easier to cast, but a little less powerful. [potion of mutation]
 48227 | Vaults:3 | Lost mutation: Scrolls take you a little longer to read. [potion of mutation]
 48227 | Vaults:3 | Lost mutation: You are weak. (Str -2) [potion of mutation]
 48227 | Vaults:3 | Gained mutation: You are partially covered in large bone plates. (SH +4) [potion of mutation]
 48373 | Vaults:3 | Reached skill level 7 in Dodging
 48505 | Vaults:3 | Received a gift from Okawaru
 48537 | Vaults:3 | Found a staircase to the Crypt.
 48585 | Vaults:3 | Reached skill level 16 in Fighting
 48748 | Vaults:3 | Reached skill level 16 in Armour
 48951 | Vaults:3 | Reached skill level 4 in Necromancy
 48952 | Vaults:3 | Reached skill level 4 in Air Magic
 49325 | Vaults:4 | Reached skill level 4 in Translocations
 49342 | Vaults:4 | Reached skill level 4 in Summonings
 49344 | Vaults:4 | Received a gift from Okawaru
 49372 | Vaults:4 | Got an ichor-stained chain mail {god gift}
 49373 | Vaults:4 | Identified the +0 chain mail "Ajuut" {Str+6 Dex-5} (Okawaru gifted it to you on level 4 of the Vaults)
 49420 | Vaults:4 | Found Vos Vomn's Weapon Shop.
 49874 | Vaults:4 | Cast into level 2 of the Abyss (a deep elf sorcerer)
 50026 | Abyss:2  | HP: 24/216 [hellion/damnation (32)]
 50032 | Abyss:2  | HP: 25/144 [starcursed mass/accursed screaming (8)]
 50124 | Abyss:2  | HP: 26/126 [starcursed mass/accursed screaming (8)]
 50125 | Abyss:2  | Reached skill level 4 in Spellcasting
 50329 | Abyss:2  | Found a corrupted altar of Lugonu.
 50356 | Abyss:2  | Reached skill level 4 in Charms
 50357 | Abyss:2  | Reached skill level 8 in Dodging
 50373 | Vaults:4 | Escaped the Abyss
 50612 | Vaults:4 | Reached XP level 21. HP: 136/188 MP: 22/26
 50628 | Vaults:4 | HP: 37/189 [storm dragon/bolt of lightning (25)]
 50633 | Vaults:4 | Received a gift from Okawaru
 51028 | Vaults:4 | Got an encrusted chain mail {god gift}
 51030 | Vaults:4 | Identified the +0 chain mail of Jenume {Str+9} (Okawaru gifted it to you on level 4 of the Vaults)
 51487 | Temple   | Entered the Ecumenical Temple
 51613 | Temple   | Fell from the grace of Okawaru
 51613 | Temple   | Became a worshipper of Makhleb the Destroyer
 51786 | D:12     | Was forgiven by Elyvilon
 51897 | Depths:1 | Entered Level 1 of the Depths
 51988 | Depths:1 | Reached * piety under Makhleb
 52024 | Depths:1 | Paralysed by a sphinx for 3 turns
 52032 | Depths:1 | Reached skill level 5 in Air Magic
 52045 | Depths:1 | Reached skill level 5 in Translocations
 52078 | Depths:1 | Reached skill level 5 in Summonings
 52084 | Depths:1 | Reached skill level 5 in Necromancy
 52143 | Depths:1 | Reached ** piety under Makhleb
 52246 | Depths:1 | Found Puz Homm's Weapon Shop.
 52265 | Depths:1 | Found Newurext's Distillery.
 52297 | Depths:1 | Found Ethaif Ybig's General Store.
 52308 | Depths:1 | Reached skill level 9 in Dodging
 52635 | Depths:1 | Found Vuxoavei's Antique Weapon Emporium.
 52656 | Depths:1 | Found Ruischuwe's General Store.
 52749 | Depths:1 | Found a gateway to Hell.
 52825 | Depths:1 | Found a one-way gate leading to the halls of Pandemonium.
 52901 | Depths:1 | Found a large runed door.
 52901 | Depths:1 | Found a large runed door.
 52947 | Depths:1 | Reached *** piety under Makhleb
 53091 | Depths:2 | Paralysed by a floating eye for 4 turns
 53094 | Depths:2 | HP: 36/189 [polar bear[a spriggan berserker] (21)]
 53094 | Depths:2 | HP: 9/189 [spriggan air mage/the air (9)]
 53094 | Depths:2 | Killed from afar by a titan

Skill      XL: |  1  2  3  4  5  6  7  8  9 10 11 12 13 14 15 16 17 18 19 20 21 |
---------------+----------------------------------------------------------------+-----
Axes           | 3 4 5 6 8 9 11 13 15 16 18 | 18.8
Armour         | 4 5 6 7 9 10 11 12 13 14 15 16 | 16.6
Fighting       | 4 5 6 7 9 10 11 12 13 14 15 16 | 16.7
Invocations    | 2 3 4 6 8 |  8.7
Dodging        | 4 6 8 9 |  9.1
Shields        | 8 15 19 22 25 | 25.0
Spellcasting   | 2 4 |  4.9
Necromancy     | 3 4 5 |  5.2
Summonings     | 3 4 5 |  5.2
Translocations | 3 4 5 |  5.3
Air Magic      | 3 4 5 |  5.3
Charms         | 2 4 |  4.8

Action                   |  1- 3 |  4- 6 |  7- 9 | 10-12 | 13-15 | 16-18 | 19-21 || total
-------------------------+-------+-------+-------+-------+-------+-------+-------++-------
Melee: War axe           |   103 |   149 |   330 |   202 |       |       |       ||   784
       Headbutt          |    11 |    22 |    71 |   126 |   224 |   279 |   256 ||   989
       Battleaxe         |       |       |       |   388 |    79 |       |       ||   467
       Mace              |       |       |       |    12 |       |       |       ||    12
       Executioner's axe |       |       |       |       |   241 |       |       ||   241
       Broad axe         |       |       |       |       |   575 |  1124 |   970 ||  2669
       Great mace        |       |       |       |       |    19 |    86 |       ||   105
       Punch             |       |       |       |       |       |     3 |       ||     3
Throw: Throwing net      |       |       |       |     3 |       |       |       ||     3
 Cast: Regeneration      |       |       |       |       |       |       |    12 ||    12
Invok: Heroism           |       |       |     7 |    12 |    24 |    14 |     6 ||    63
       Finesse           |       |       |       |     1 |     4 |     2 |     1 ||     8
 Abil: Evoke Berserk Rag |       |       |       |     1 |       |       |       ||     1
  Use: Scroll            |       |       |    15 |    10 |    11 |     9 |     7 ||    52
       Potion            |       |       |     4 |     1 |     2 |     3 |     8 ||    18
 Stab: Petrified         |       |       |       |       |     6 |       |       ||     6
       Distracted        |       |       |       |       |       |       |     1 ||     1
  Eat: Ration            |     1 |       |       |     4 |     7 |    10 |     5 ||    27
       Chunk             |       |     6 |    13 |    22 |    22 |    12 |    10 ||    85
Armor: Scale mail        |    55 |    69 |    37 |       |       |       |       ||   161
       Plate armour      |       |       |   214 |   373 |   611 |   611 |    38 ||  1847
       Ice dragon scales |       |       |       |       |       |       |    62 ||    62
       Storm dragon scal |       |       |       |       |       |       |    30 ||    30
Dodge: Dodged            |    32 |    73 |   119 |   184 |   349 |   346 |   144 ||  1247
       Deflected         |       |       |       |    10 |     6 |    11 |    16 ||    43
Block: Shield            |    60 |   107 |    55 |       |       |       |       ||   222
       Buckler           |       |       |       |       |   240 |   100 |       ||   340
       Other             |       |       |       |       |       |    59 |       ||    59
       Reflection        |       |       |       |       |       |    30 |   107 ||   137
       Large shield      |       |       |       |       |       |   971 |   952 ||  1923

Vault maps used:
D:1:      saegor_arrival_simple_e, minmay_tromino_v4_c
D:2:      marbit_many_paths, minivault_11, hex_large
D:3:      chequers_temple_overflow_statue_of_worship, old_standard_altar
D:4:      minmay_temple_entry_statues_fountains, first_ration, serial_undead,
          serial_undead_f, serial_undead_d, serial_undead_d, serial_undead_e,
          uniq_eustachio
D:5:      gup_sewer_entry_glass
D:6:      kennysheep_mini, chequers_temple_overflow_minitemple
D:7:      basic_altar, serial_shops, shop_fountains, shop, uniq_duvessa
D:8:      lemuel_round_altar, lemuel_blue_sif_altar, david_lair_generic,
          hangedman_ranch, nicolae_water_bricks
D:9:      ashenzari_conservatory_becter, uniq_erolcha
D:10:     nicolae_qazlal_style_of_elements, uniq_psyche
D:11:     serial_shops, nicolae_shop_stone, shop, shop_statue,
          nemelex_diamond_rough_becter
D:12:     cheibrodos_fzero, serial_shops, nicolae_shop_crystal,
          kennysheep_generic_room_14
D:13:     special_room, uniq_azrael, uniq_rupert
D:14:     david_vaults_4, hangedman_decor_slide_cut, lemuel_nasty_fountain
D:15:     gammafunk_depths_entry_grave, minmay_misc_feat_chi
Temple:   nicolae_temple_figure_zero
Lair:1:   kb_forest_paths, grunt_forest_large_clearing_hut
Lair:2:   cheibrodos_lair_river_kwai, beast_lair_carwin_5
Lair:3:   minmay_lair_oklob_chamber, grunt_megastairs_2, uniq_harold
Lair:4:   beast_lair_carwin_large_4, minmay_swamp_entry_worms,
          spider_nest_entry_a, serial_bayou_pond_d, minivault_19,
          wad_woods_river_03, lemuel_fruit_fields
Lair:5:   uniq_kirke
Lair:6:   grunt_lair_end_beastmaster, slime_altar_1, st_stairs_10
Swamp:1:  evilmike_swamp_ruin_house_1, swamp_pool3
Swamp:2:  nicolae_swamp_stair_fork, swamp_pool1, grunt_hermit_hut
Swamp:3:  evilmike_swamp_ruin_house_6, uniq_bai_suzhen, uniq_aizul
Swamp:4:  swamp_old_school, swamp_pool4, nicolae_swamp_dense_foliage
Spider:1: uniq_asterion, uniq_frances
Spider:2: nicolae_looking_at_the_future, uniq_arachne
Spider:4: grunt_spider_rune_parallel, nicolae_spider_stair_cavern
Orc:1:    enter_bailey_3, basic_altar, uniq_maurice
Orc:2:    grunt_orc_tribal_feast
Vaults:1: ontoclasm_vaults_tryst, v_misc_9, v_alt_pattern_3, v_misc_17,
          hangedman_vaults_nails, vaults_mumra_minichess, serial_shops, shop,
          shop_statue, shop, shop
Vaults:2: v_pattern_4, nicolae_vaults_network_square,
          nicolae_vaults_little_squares_3, nicolae_vaults_circle_grid_b,
          hangedman_vaults_nails, dpeg_vaults_monster_box,
          vaults_room_grunt_arrival_ludios, nicolae_vaults_little_ls, v_misc_19,
          vaults_dpeg_hooks, vaults_room_corners, uniq_mara, uniq_frederick
Vaults:3: v_misc_33, vaults_mumra_minichess_inversion, grunt_vaults_bifocal,
          minmay_crypt_entry_simple_plaza, nicolae_vaults_three_branches,
          nicolae_vaults_mini_display_case, v_misc_12, v_pattern_3,
          vaults_room_door_ring, vaults_dpeg_ring
Vaults:4: v_misc_22, nicolae_vaults_ninety_degrees, nicolae_vaults_rhombus_5,
          dpeg_vaults_waves, vaults_room_fours, ontoclasm_vaults_claustrophobia,
          vaults_room_fours, nicolae_vaults_asterisk, v_misc_19, serial_shops,
          shop
Depths:1: minmay_the_grid_square_5x5_3x3, kennysheep_crisscross,
          pf_hell_entry_tar_river, grunt_pan_entry_in_and_out, serial_shops,
          shop, kennysheep_mini_moat,
          nicolae_shop_temple_entry_statues_fountains, nicolae_shop_trees, shop,
          fountainhead, hangedman_eye_storm
Depths:2: grunt_house_of_mirrors, minmay_misc_feat_ornament,
          pf_vacation_house_of_asmodeus, evilmike_ambush
Abyss:2:  evilmike_abyss_exit_smiterflies
Sewer:    kennysheep_pipe_town

Table legend:
 A = Turns spent in this place as a percentage of turns spent in the entire game.
 B = Non-inter-level travel turns spent in this place as a percentage of non-inter-level travel turns spent in the entire game.
 C = Inter-level travel turns spent in this place as a percentage of turns spent in this place.
 D = Turns resting spent in this place as a percentage of non-inter-level travel turns spent in this place.
 E = Turns spent auto-exploring this place as a percentage of non-inter-level travel turns spent in this place.
 F = Non-inter-level travel turns spent in this place divided by the number of levels of this place that you've seen.
                   A       B       C       D       E      F
               +-------+-------+-------+-------+-------+----------------------
         Total | 100.0 | 100.0 |   7.2 |  35.0 |  41.1 | 1202.0
       Dungeon |  40.3 |  38.6 |  11.1 |  38.6 |  39.5 | 1267.6
        Temple |   0.3 |   0.3 |   5.8 |   0.0 |  82.9 | 129.0
          Lair |  21.1 |  21.3 |   6.6 |  43.0 |  38.9 | 1746.3
         Swamp |   9.9 |  10.2 |   3.8 |  38.4 |  43.8 | 1262.8
   Spider Nest |   6.9 |   7.4 |   1.2 |  22.3 |  42.1 | 909.8
  Orcish Mines |   5.1 |   5.4 |   1.4 |  49.6 |  28.9 | 1328.5
        Vaults |  11.7 |  11.7 |   6.7 |  20.0 |  51.7 | 1446.0
        Depths |   2.3 |   2.4 |   0.0 |   5.2 |  53.4 | 598.5
         Abyss |   2.0 |   2.2 |   0.0 |   9.7 |  27.4 | 544.0
         Sewer |   0.5 |   0.5 |   0.0 |   0.0 |  58.6 | 244.0
               +-------+-------+-------+-------+-------+----------------------

Table legend:
 A = Kills in this place as a percentage of kills in entire the game.
 B = Kills by you in this place as a percentage of kills by you in the entire game.
 C = Kills by friends in this place as a percentage of kills by friends in the entire game.
 D = Other kills in this place as a percentage of other kills in the entire game.
 E = Experience gained in this place as a percentage of experience gained in the entire game.
 F = Experience gained in this place divided by the number of levels of this place that you have seen.
                   A       B       C       D       E      F
               +-------+-------+-------+-------+-------+----------------------
         Total | 100.0 | 100.0 |   N/A | 100.0 | 100.0 | 16073.8
       Dungeon |  27.5 |  27.7 |   N/A |   5.6 |  11.5 | 5059.5
          Lair |  14.2 |  14.4 |   N/A |   0.0 |  10.6 | 11680.7
         Swamp |   8.0 |   8.0 |   N/A |   5.6 |  10.7 | 17547.5
   Spider Nest |  13.9 |  14.0 |   N/A |   0.0 |  14.8 | 24380.0
  Orcish Mines |   6.5 |   6.6 |   N/A |   0.0 |   2.8 | 9129.0
        Vaults |  18.6 |  18.3 |   N/A |  50.0 |  33.7 | 55596.5
        Depths |   5.4 |   5.0 |   N/A |  38.9 |  10.4 | 34367.5
         Abyss |   4.6 |   4.6 |   N/A |   0.0 |   5.4 | 17823.5
         Sewer |   1.4 |   1.4 |   N/A |   0.0 |   0.0 | 313.0
               +-------+-------+-------+-------+-------+----------------------
